 Seeded DCSS version 0.30.1-11-g7821555f0a (webtiles) character file.

Game seed: 5 (custom seed)

2720 Kazon the Shield-Bearer (level 9, -2/52 HPs)
             Began as a Vampire Fighter on Dec 6, 2023.
             Was a Priest of Makhleb.
             Slain by a two-headed ogre
             ... wielding a +0 giant spiked club
              (12 damage)
             ... on level 7 of the Dungeon.
             The game lasted 00:26:18 (4781 turns).

Kazon the Shield-Bearer (Vampire Fighter)           Turns: 4781, Time: 00:26:19

Health: -2/52      AC:  9    Str: 17 (19) XL:     9   Next: 39%
Magic:  0/20       EV:  7    Int: 11      God:    Makhleb [***...]
Gold:   335        SH: 15    Dex: 18 (19) Spells: 8/8 levels left

rFire   . . .        r - +1 war axe of Abuse {freeze, Will+}
rCold   + + .        c - +0 tower shield
rNeg    + + +        b - +0 scale mail
rPois   ∞            l - +0 helmet
rElec   .            (no cloak)
rCorr   .            M - +0 pair of gloves
SInv    +            (no boots)
Will    +....        D - amulet of guardian spirit
Stlth   +++          n - ring of magical power
HPRegen 0.00/turn    x - +6 ring of dexterity
MPRegen 0.17/turn

%: guardian spirit
@: bloodless, inhibited regen
A: bloodless, fangs 3, see invisible, vampiric 2
a: Bat Form, Revivify, Renounce Religion, Minor Destruction, Lesser Servant of
Makhleb


You were on level 7 of the Dungeon.
You worshipped Makhleb.
Makhleb was most pleased with you.
You visited 2 branches of the dungeon, and saw 8 of its levels.
You also visited: Ossuary.

You collected 335 gold pieces.

Inventory:

Hand Weapons
 a - a +0 war axe
 e - a +2 vampiric dagger
 f - a +0 hand axe of flaming
 r - the +1 war axe of Abuse (weapon) {freeze, Will+}
   (You acquired it on level 1 of the Dungeon)

   Will:      It increases your willpower.
 v - a +0 vampiric hand axe
Missiles
 k - 9 poisoned darts
 u - 4 boomerangs
 z - 12 stones (quivered)
Armour
 b - a +0 scale mail (worn)
 c - a +0 tower shield (worn)
 l - a +0 helmet (worn)
 M - a +0 pair of gloves (worn)
Jewellery
 n - a ring of magical power (left hand)
 x - a +6 ring of dexterity (right hand)
 D - an amulet of guardian spirit (around neck)
Wands
 A - a wand of paralysis (8)
Scrolls
 g - a scroll of fog {unknown}
 m - 5 scrolls of identify {unknown}
 o - 2 scrolls of magic mapping {unknown}
 p - a scroll of blinking {unknown}
 s - 2 scrolls of summoning {unknown}
 t - 2 scrolls of teleportation {unknown}
 y - a scroll of amnesia {unknown}
 B - a scroll of torment {unknown}
 F - a scroll of poison {unknown}
 G - a scroll of enchant armour {unknown}
 I - 2 scrolls of fear {unknown}
 L - a scroll of enchant weapon {unknown}
Potions
 d - a potion of might
 h - a potion of resistance {unknown}
 i - 2 potions of invisibility {unknown}
 j - 4 potions of curing
 q - 5 potions of flight {unknown}
 w - 3 potions of heal wounds
 C - a potion of lignification {unknown}
 E - 3 potions of attraction
 H - a potion of berserk rage
 J - a potion of haste {unknown}
 K - 2 potions of brilliance {unknown}


   Skills:
 + Level 4.4 Fighting
 + Level 1.1 Short Blades
 + Level 5.5 Axes
 * Level 3.5 Throwing
 + Level 3.8 Armour
 + Level 2.8 Dodging
 + Level 1.3 Stealth
 + Level 5.6 Shields
 * Level 3.7 Invocations
 * Level 4.1 Evocations


You had 8 spell levels left.
You didn't know any spells.
Your spell library contained the following spells:

 Spells                   Type           Power      Damage    Failure   Level
 Frozen Ramparts          Ice            0%         1d1       100%        3
 Ignite Poison            Fire/Tmut/Pois 0%         N/A       100%        3
 Ice Form                 Ice/Tmut       0%         N/A       100%        4
 Sticky Flame             Conj/Fire      0%         2d3       100%        4
 Summon Ice Beast         Ice/Summ       0%         N/A       100%        4
 Summon Forest            Summ/Tloc      0%         N/A       100%        5
 Eringya's Noxious Bog    Tmut/Pois      0%         N/A       100%        6
 Summon Hydra             Summ           0%         N/A       100%        7
 Ignition                 Fire           0%         3d3       100%        8


Dungeon Overview and Level Annotations

Branches:
Dungeon (7/15)             Temple (1/1) D:4         Ossuary (visited)

Altars:
Dithmenos
Fedhas
Gozag
Hepliaklqana
Makhleb
Qazlal
Wu Jian
Xom


Innate Abilities, Weirdness & Mutations

You do not regenerate when monsters are visible.
You are frail without blood (-20% HP).
You can heal yourself when you bite living creatures.
You are immune to poison.
You have razor-sharp teeth.
You have supernaturally acute eyesight. (SInv)
You are afflicted with vampirism and can become a bat while bloodless.


Message History

You continue putting on your +0 pair of gloves. x4
You finish putting on your +0 pair of gloves.
A two-headed ogre comes into view.
It is wielding a +0 giant spiked club and a +0 giant club.
Aiming: Minor Destruction (2% risk of failure)
Press: ? - help, Shift-Dir - straight line, f - two-headed ogre
Aim: a two-headed ogre, wielding a +0 giant spiked club and a +0 giant club The stone arrow hits the two-headed ogre.
The two-headed ogre is lightly wounded.
You slash the two-headed ogre! You freeze the two-headed ogre.
The two-headed ogre is moderately wounded.
The two-headed ogre hits you with a +0 giant spiked club.
The two-headed ogre hits you with a +0 giant club!!
You slash the two-headed ogre! You freeze the two-headed ogre.
The two-headed ogre is heavily wounded.
The two-headed ogre hits you with a +0 giant spiked club!
The two-headed ogre hits you but does no damage.
You hit the two-headed ogre but do no damage.
Your bite misses the two-headed ogre.
The two-headed ogre is heavily wounded.
You block the two-headed ogre's attack. x2
The two-headed ogre hits you with a +0 giant spiked club!
You block the two-headed ogre's attack.
You slash the two-headed ogre! You freeze the two-headed ogre.
Your bite misses the two-headed ogre.
The two-headed ogre is severely wounded.
The two-headed ogre hits you with a +0 giant spiked club!
* * * LOW HITPOINT WARNING * * *
You block the two-headed ogre's attack.
You barely miss the two-headed ogre.
The two-headed ogre is severely wounded.
You block the two-headed ogre's attack. x2
You hit the two-headed ogre. You freeze the two-headed ogre.
The two-headed ogre is severely wounded.
The two-headed ogre hits you with a +0 giant spiked club.
* * * LOW HITPOINT WARNING * * *
You block the two-headed ogre's attack.
You hit the two-headed ogre. You freeze the two-headed ogre.
The two-headed ogre is severely wounded.
The two-headed ogre hits you with a +0 giant spiked club!
You die...

#.# #. #.# #. #.# #.
#.# #. #.# #. #.# #
#. #.#######
....##O######........
.......@.............
######.#.####.#######
##.#.# #.# ##....#
#.# #.....# #.#
#.....# ##.## #..
#..<..###...# #.#
#....###.#.#.# #.#
#....##.##.##.#


You could see a two-headed ogre.

Vanquished Creatures
  Sigmund (D:4)
  Duvessa (D:6)
  A water moccasin (D:6)
  A sky beast (D:7)
  3 black bears
  2 centaurs
  An ogre (D:5)
  An elf zombie (Ossuary)
  A kobold brigand (D:7)
  2 scorpions
  2 wights (D:7)
  4 killer bees (D:7)
  Dowan (D:6)
  A howler monkey (D:6)
  A vampire bat (D:7)
  5 hounds
  A centaur zombie (Ossuary)
  3 orc priests (D:6)
  3 human zombies (Ossuary)
  A jelly (D:5)
  6 iguanas
  4 orc wizards (D:6)
  4 ogre zombies (Ossuary)
  7 mummies (Ossuary)
  4 gnolls (D:5)
  9 adders
  A white imp (D:7)
  2 ufetubi
  A worm zombie (D:7)
  2 adder zombies (Ossuary)
  3 worms
  14 orcs
  12 bats
  9 endoplasms
  A giant cockroach (D:1)
  12 goblins
  7 hobgoblins
  11 jackals
  10 kobolds
  3 quokkas (D:4)
  6 ball pythons
  3 frilled lizards
  4 goblin zombies (Ossuary)
  6 hobgoblin zombies
  3 kobold zombies
  4 quokka zombies (Ossuary)
  4 rats
  4 rat zombies (Ossuary)
192 creatures vanquished.

Notes
Turn   | Place    | Note
-------+----------+-------------------------------------------
     0 | D:1      | Kazon the Vampire Fighter began the quest for the Orb.
     0 | D:1      | Reached XP level 1. HP: 17/17 MP: 1/1
    40 | D:1      | Identified a scroll of acquirement
    40 | D:1      | Acquired the +1 war axe of Abuse {freeze, Will+}
    73 | D:1      | Reached XP level 2. HP: 23/23 MP: 2/2
   477 | D:1      | Gained mutation: You are afflicted with vampirism and can
                  | become a bat while bloodless. [Vampire growth]
   477 | D:1      | Reached XP level 3. HP: 29/29 MP: 3/3
  1000 | D:2      | Reached XP level 4. HP: 35/35 MP: 4/4
  1582 | D:3      | Found a blossoming altar of Fedhas.
  1741 | D:3      | Identified the +2 sling "Qeuhanocyt" {speed, rElec Str-3
                  | Dex+2}
  1775 | D:3      | Found a stormy altar of Qazlal.
  2015 | D:3      | Found a faded altar of an unknown god.
  2044 | D:4      | Found a staircase to the Ecumenical Temple.
  2053 | Temple   | Entered the Ecumenical Temple
  2069 | Temple   | Became a worshipper of Makhleb the Destroyer
  2131 | D:4      | Noticed a black bear
  2145 | D:4      | Killed a black bear
  2146 | D:4      | Reached skill level 1 in Throwing
  2146 | D:4      | Reached XP level 5. HP: 11/41 MP: 5/5
  2151 | D:4      | Found a hazy altar of Hepliaklqana.
  2153 | D:4      | Found a shadowy altar of Dithmenos.
  2154 | D:4      | Noticed a shadow
  2228 | D:4      | Noticed Sigmund
  2234 | D:4      | Killed Sigmund
  2235 | D:4      | Reached skill level 1 in Short Blades
  2235 | D:4      | Reached skill level 1 in Invocations
  2235 | D:4      | Reached XP level 6. HP: 39/47 MP: 7/7
  2664 | D:4      | Reached skill level 1 in Evocations
  2750 | D:4      | Reached skill level 1 in Dodging
  2750 | D:4      | Reached XP level 7. HP: 41/52 MP: 8/8
  2829 | D:5      | Entered Level 5 of the Dungeon
  2870 | D:5      | Reached * piety under Makhleb
  3251 | D:6      | Noticed Dowan
  3253 | D:6      | Noticed Duvessa
  3263 | D:6      | Killed Dowan
  3270 | D:6      | Killed Duvessa
  3271 | D:6      | Reached XP level 8. HP: 17/48 MP: 5/9
  3418 | D:6      | Found a shimmering altar of Xom.
  3621 | D:6      | Reached skill level 5 in Axes
  3722 | D:7      | Found a sand-covered staircase.
  3725 | D:7      | Reached ** piety under Makhleb
  3737 | Ossuary  | Entered an ossuary
  3777 | Ossuary  | Reached skill level 1 in Stealth
  4151 | Ossuary  | Reached XP level 9. HP: 52/52 MP: 11/11
  4319 | Ossuary  | Reached *** piety under Makhleb
  4432 | D:7      | HP: 1/52 [killer bee (2)]
  4440 | D:7      | Reached skill level 5 in Shields
  4450 | D:7      | HP: 2/52 [killer bee (2)]
  4773 | D:7      | Noticed a two-headed ogre
  4781 | D:7      | Slain by a two-headed ogre

Illustrated notes

Levels and vault maps discovered:
D:1:      ebering_trefoil_3fold, layout_basic, st_stairs_14, serial_bayou_ford_a
D:2:      layout_basic, hangedman_decor_growths, minmay_close_crescents
D:3:      layout_rooms, mainiacjoe_overflow_concentric_impassable,
          mainiacjoe_overflow_paths, shapermc_ecumenical_altar_acropolis,
          chequers_serial_rivers_micro_b
D:4:      layout_basic, riverfiend_overflow_shadow_ancestor,
          minmay_temple_entry_glass, uniq_sigmund
D:5:      layout_gridville
D:6:      layout_basic, xom_teletrap_fun, uniq_duvessa
D:7:      layout_loops_ring, enter_ossuary_3, roderic_batcave
Temple:   nicolae_temple_elliptical

Skill      XL: |  1  2  3  4  5  6  7  8  9 |
---------------+----------------------------+-----
Fighting       | 3 4 |  4.4
Shields        | 3 4 5 |  5.6
Axes           | 2 3 4 5 |  5.5
Throwing       | 1 2 3 |  3.5
Armour         | 3 |  3.8
Short Blades   | 1 |  1.1
Invocations    | 1 2 3 |  3.7
Evocations     | 1 2 3 4 |  4.1
Dodging        | 1 2 |  2.8
Stealth        | 1 |  1.3

Action                     |  1- 3 |  4- 6 |  7- 9 || total
---------------------------+-------+-------+-------++-------
  Melee: War axe           |   116 |    92 |   322 ||   530
         Bite              |    10 |     9 |    55 ||    74
         Dagger            |       |    36 |    29 ||    65
         Hand axe          |       |       |    53 ||    53
         Unarmed           |       |       |    14 ||    14
  Throw: Stone             |       |    15 |    27 ||    42
         Dart              |       |     4 |     9 ||    13
         Boomerang         |       |       |    16 ||    16
 Invoke: Minor Destruction |       |       |     5 ||     5
         Lesser Servant of |       |       |     1 ||     1
Ability: Exsanguinate      |       |       |     1 ||     1
         End Transformatio |       |       |     1 ||     1
         Bat Form          |       |       |     1 ||     1
    Use: Scroll            |     2 |       |       ||     2
         Potion            |     1 |       |     4 ||     5
   Stab: Sleeping          |       |       |    12 ||    12
         Distracted        |       |       |     1 ||     1
 Armour: Scale mail        |    57 |    46 |   130 ||   233
  Dodge: Dodged            |    44 |    21 |    85 ||   150
  Block: Buckler           |    16 |       |       ||    16
         Tower shield      |    42 |   104 |   377 ||   523
